 Dungeon Crawl Stone Soup version 0.18-a0-1413-g4eaa9ac (webtiles) character file.

28 M4edhros the Charlatan (level 3, -1/23 HPs)
             Began as an Octopode Artificer on Feb 25, 2016.
             Slain by a worm (12 damage)
             ... on level 2 of the Dungeon.
             The game lasted 00:01:29 (829 turns).

M4edhros the Charlatan (Octopode Artificer)          Turns: 829, Time: 00:01:29

Health: -1/23      AC:  1    Str: 10    XL:     3   Next: 14%
Magic:  5/5        EV:  9    Int: 17    God:
Gold:   47         SH:  8    Dex: 12    Spells: 0 memorised, 2 levels left

rFire  . . .     SeeInvis .       - Unarmed
rCold  . . .     Gourm    .     o - +2 shield
rNeg   . . .     Faith    .     (helmet restricted)
rPois  .         Spirit   .     l - amulet of rage
rElec  .         Dismiss  .     k - +2 ring of intelligence
rCorr  .         Reflect  .     (no ring)
SustAt .         Harm     .     (no ring)
MR     .....                    (no ring)
Stlth  +++.......               (no ring)
                                (no ring)
                                (no ring)
                                (no ring)

@: not resistant to hostile enchantments, fairly stealthy
A: almost no armour, amphibious, 8 rings, constrict 8, camouflage 1, gelatinous
body 1
a: Evoke Berserk Rage


You were on level 2 of the Dungeon.
You were not hungry.

You visited 1 branch of the dungeon, and saw 2 of its levels.

You collected 47 gold pieces.

Inventory:

Hand Weapons
 p - a +0 hunting sling
Missiles
 e - 23 stones (quivered)
Armour
 o - a +2 shield (worn)
Jewellery
 k - a +2 ring of intelligence (left tentacle)
 l - an amulet of rage (around mantle)
Wands
 b - a wand of flame (15/48)
 c - a wand of enslavement (14/24)
 d - a wand of random effects (48/48)
Scrolls
 a - a scroll of fog
Potions
 g - a potion of curing
 m - a potion of brilliance {unknown}
Comestibles
 f - 2 bread rations
 h - 4 fruits


   Skills:
 - Level 1.0 Fighting
   Level 1.0 Short Blades
 + Level 0.4 Slings
 - Level 2.0 Dodging
 - Level 1.3 Stealth
 * Level 0.6 Shields
 + Level 2.3 Unarmed Combat
 - Level 3.2 Evocations


You had 2 spell levels left.
You didn't know any spells.

Dungeon Overview and Level Annotations

Branches:
Dungeon (2/15)

Altars:


Innate Abilities, Weirdness & Mutations

You cannot wear most types of armour.
You are amphibious.
You can wear up to eight rings at the same time.
You can use your tentacles to constrict eight enemies at once.
Your skin changes colour to match your surroundings (Stealth).
Your rubbery body absorbs attacks (AC +1).


Message History

A hobgoblin comes into view. It is wielding a club.
The worm barely misses you.
Found a hunting sling.
You tentacle-slap the worm. You grab the worm.
The worm is lightly wounded.
You constrict the worm.
The hobgoblin shouts!
You block the worm's attack.
There are monsters nearby!
You tentacle-slap the worm but do no damage.
The worm is moderately wounded.
You constrict the worm. You completely miss the worm.
The worm is moderately wounded.
You constrict the worm. The worm bites you!
You tentacle-slap the worm. You squeeze the worm.
The worm is almost dead.
You constrict the worm. The hobgoblin hits you with a club. The worm bites you!
Ouch! That really hurt!
You die...

,,,,,,,..........................
,*,,,,,##......###########.#####.
,*,,,,,*#......# ##.# #.
,*,,,,,*#......# #####..# ##
,*,,,,,*######.######.....### #
,*,,,,,* ###.)[.....#.....#
,*,,,,,* #.....######..##.##
,,,,,,,* #.###.#**.....##..####
,****,,****#.**#@#...............
,* **,,,,*#,*#wg.....###.##.####
,* *,,,,*,,.....)....##.,#.S.##
,** *,,,,,)...........###.###...
,,* **,,,....%...#.##.## #...>..†
*,***,,,,.....#....#*,.# ####....
,,,,,,,,,.......##.#**,# ###..
,,,,,,,,,.###...**..,,,* #.†
,,*,,,,,,,***,*,*****,,**** ###


You could see a worm and a hobgoblin.

Vanquished Creatures
  An adder (D:2)
  A giant gecko (D:2)
  A ball python (D:2)
  2 bats (D:1)
  2 goblins
  A hobgoblin (D:1)
  3 jackals (D:1)
  2 giant newts
  2 kobolds
  A rat (D:2)
16 creatures vanquished.

Vanquished Creatures (collateral kills)
  A bat (D:2)
1 creature vanquished.

Grand Total: 17 creatures vanquished

Notes
Turn   | Place    | Note
--------------------------------------------------------------
     0 | D:1      | M4edhros the Octopode Artificer began the quest for the Orb.
     0 | D:1      | Reached XP level 1. HP: 13/13 MP: 3/3
    66 | D:1      | Reached skill level 1 in Unarmed Combat
   173 | D:1      | Reached XP level 2. HP: 15/18 MP: 4/4
   788 | D:2      | Reached XP level 3. HP: 21/23 MP: 5/5
   829 | D:2      | Slain by a worm

Vault maps used:
D:1:      lemuel_arrival_tunnels, hangedman_decor_growths
D:2:      lightli_temple_of_fire

Skill      XL: |  1  2 |
---------------+-------+-----
Unarmed Combat | 1 2 |  2.3
Fighting       | |  1.0
Short Blades   | |  1.0
Slings         | |  0.4
Dodging        | |  2.0
Stealth        | |  1.3
Shields        | |  0.6
Evocations     | |  3.2

Action                   || total
-------------------------++-------
Melee: Unarmed           ||    48
Evoke: Wand              ||     1
  Use: Scroll            ||     6
       Potion            ||     1
 Stab: Sleeping          ||     3
       Distracted        ||     1
